 Dungeon Crawl Stone Soup version 0.31.0-12-g77e489cdc1 (webtiles) character file.

Game seed: 15075312520099353157

83 Goblin1989 the Sneak (level 4, -6/35 HPs)
             Began as a Demonspawn Delver on Feb 17, 2024.
             Mangled by a river rat (8 damage)
             ... in a sewer.
             The game lasted 00:03:32 (462 turns).

Goblin1989 the Sneak (Demonspawn Delver)             Turns: 462, Time: 00:03:33

Health: -6/35      AC:  0    Str: 15    XL:     4   Next: 22%
Magic:  4/4        EV: 11    Int: 10    God:
Gold:   25         SH:  0    Dex: 14    Spells: 3/3 levels left

rFire   . . .        a - +0 mace
rCold   . . .        (no shield)
rNeg    . . .        b - +0 leather armour
rPois   .            i - +0 helmet
rElec   .            (no cloak)
rCorr   .            (no gloves)
SInv    .            (no boots)
Will    .....        (no amulet)
Stlth   ++           (no ring)
HPRegen 0.25/turn    (no ring)
MPRegen 0.09/turn

%: no passive effects
@: corroded
A: spiny 2
a: no special abilities


You were in a sewer.
You visited 1 branch of the dungeon, and saw 3 of its levels.
You also visited: Sewer.

You collected 25 gold pieces.

Inventory:

Hand Weapons
 a - a +0 mace (weapon)
Armour
 b - a +0 leather armour (worn)
 i - a +0 helmet (worn)
Wands
 g - a wand of digging (3) {@v3}
Scrolls
 c - a scroll of fog
 e - a scroll of fear
 h - a scroll of amnesia {unknown}
Potions
 f - a potion of haste {@q3,}


   Skills:
 - Level 3.0 Fighting
 + Level 4.1 Maces & Flails
 - Level 1.7 Dodging
 - Level 4.5 Stealth


You had 3 spell levels left.
You didn't know any spells.
Your spell library was empty.

Dungeon Overview and Level Annotations

Branches:
Dungeon (5/15) Zot: 17708   Sewer (1/1) Zot: 5798
 Temple: D:4-7

Altars:


Innate Abilities, Weirdness & Mutations

You are mostly covered in sharp spines.


Message History

No target in view!
You enter the shallow water.
Moving in this stuff is going to be slow.
A rat and a giant cockroach come into view.
There are monsters nearby!
An endoplasm comes into view.
A ball python comes into view.
The rat squeaks loudly.
An endoplasm comes into view.
The ball python bites you.
You take 2 damage, and have 33/35 hp.
The endoplasm quivers. x2
You hit the ball python.
The ball python is moderately wounded.
The ball python is struck by your spines.
You kill the ball python!
You hit the giant cockroach.
You kill the giant cockroach!
An endoplasm comes into view.
A frilled lizard comes into view.
You sock the rat!
You kill the rat!
You hit the endoplasm but do no damage.
The endoplasm hits you but does no damage.
You hit the endoplasm but do no damage. The endoplasm is struck by your spines.
The endoplasm barely misses you.
A giant cockroach comes into view.
The endoplasm is struck by your spines.
You kill the endoplasm!
You enter the shallow water.
Moving in this stuff is going to be slow.
A river rat comes into view.
The river rat squeaks loudly.
The endoplasm hits you but does no damage.
Health restored: 35 You hit the endoplasm.
The endoplasm is almost dead.
The endoplasm misses you.
A ribbon worm comes into view.
Your unstable footing causes you to fumble your attack.
The endoplasm freezes you.
You are frozen.
The frilled lizard is struck by your spines.
You kill the frilled lizard!
You take 3 damage, and have 32/35 hp.
Your unstable footing causes you to fumble your attack.
The endoplasm is struck by your spines.
You kill the endoplasm!
The endoplasm barely misses you.
A jelly comes into view.
You hit the endoplasm.
The endoplasm is severely wounded.
The endoplasm is struck by your spines.
You kill the endoplasm!
Your unstable footing causes you to fumble your attack.
A giant cockroach comes into view.
The river rat bites you but does no damage.
The ribbon worm expels a string of sticky webbing.
The stream of webbing hits you but does no damage.
You are caught in a web!
The river rat bites you but does no damage.
Your unstable footing causes you to fumble your attack.
The jelly hits you. The acid corrodes you!
You are splashed with acid!
The river rat bites you.
You take 11 damage, and have 23/35 hp.
MASSIVE DAMAGE!!
Your unstable footing causes you to fumble your attack.
The river rat barely misses you. The jelly hits you.
You are splashed with acid!
* * * LOW HITPOINT WARNING * * *
You are too injured to fight recklessly!
You take 12 damage, and have 11/35 hp.
MASSIVE DAMAGE!!
You are too injured to fight recklessly!
You are too injured to fight recklessly!
You are too injured to fight recklessly!
You are too injured to fight recklessly!
You are too injured to fight recklessly!
You are too injured to fight recklessly!
You are too injured to fight recklessly!
You are too injured to fight recklessly!
You are too injured to fight recklessly!
You are too injured to fight recklessly!
You are too injured to fight recklessly!
You are too injured to fight recklessly!
You are too injured to fight recklessly!
You are too injured to fight recklessly!
You are too injured to fight recklessly!
You are too injured to fight recklessly!
You are too injured to fight recklessly!
You are too injured to fight recklessly!
You are too injured to fight recklessly!
You are too injured to fight recklessly!
You are too injured to fight recklessly!
The river rat attacks as it pursues you!
The river rat is struck by your spines. The river rat barely misses you.
The jelly attacks as it pursues you! The jelly is struck by your spines.
The jelly hits you.
* * * LOW HITPOINT WARNING * * *
You are splashed with acid!
* * * LOW HITPOINT WARNING * * *
The river rat is struck by your spines. The river rat bites you!
You die... ██████████

█..█ ██..█ █
█~..█ █. ██..██
█~. ███...█
██~.█ ██.~~~.█
.~.~~█
██..~~.██
~.~Bw.██~..~███
█~~.r@..██
██~BJ..██
██.†.~█ .~~.~~█
█.~~..~~.█
~.....~█..~█
.~..█~~~██~~~.
█████..██ █..~█
~..


████ You could see a ribbon worm, a jelly, a river rat and 2 giant cockroaches.

Vanquished Creatures
  Robin (D:3)
  3 adders
  A ribbon worm (Sewer)
  An orc (D:5)
  10 endoplasms (Sewer)
  4 giant cockroaches
  7 goblins (D:3)
  3 hobgoblins (D:3)
  4 ball pythons
  4 frilled lizards (Sewer)
  A rat (Sewer)
39 creatures vanquished.

Notes
Turn   | Place    | Note
-------+----------+-------------------------------------------
     0 | D:5      | Goblin1989 the Demonspawn Delver began the quest for the
                  | Orb.
     0 | D:5      | Reached XP level 1. HP: 18/18 MP: 1/1
    19 | D:4      | Noticed a lemure
    83 | D:5      | Noticed an iguana
   127 | D:3      | Noticed a bombardier beetle
   148 | D:3      | Gained mutation: You are partially covered in sharp spines.
                  | [demonic ancestry]
   148 | D:3      | Reached XP level 2. HP: 13/24 MP: 2/2
   168 | D:3      | Found a faded altar of an unknown god.
   178 | D:3      | Found a glowing drain.
   204 | D:3      | Noticed Robin
   221 | D:3      | Killed Robin
   222 | D:3      | Reached XP level 3. HP: 25/29 MP: 3/3
   275 | Sewer    | Entered a sewer
   342 | Sewer    | Gained mutation: You are mostly covered in sharp spines.
                  | [demonic ancestry]
   342 | Sewer    | Reached XP level 4. HP: 30/35 MP: 4/4
   462 | Sewer    | Mangled by a river rat

Illustrated notes

Levels and vault maps discovered:
D:3:      layout_loops_corners, mainiacjoe_overflow_alcove_2,
          nemelex_spade_bored_becter, ebering_ecumenical_altar_petrified,
          gup_sewer_entry_glass, uniq_jessica, uniq_robin, uniq_ijyb
D:4:      layout_cave_pools, minmay_crossroads, uniq_pikel
D:5:      layout_cave_pods, uniq_sigmund
Sewer:    sewer_hellmonk_slimy_pipes

Skill      XL: |  1  2  3 |
---------------+----------+-----
Maces & Flails | 2 3 4 |  4.1
Fighting       | |  3.0
Dodging        | |  1.7
Stealth        | |  4.5

Action                     |  1- 3 |  4- 6 || total
---------------------------+-------+-------++-------
  Melee: Mace              |    79 |    21 ||   100
         Punch             |     1 |       ||     1
    Use: Scroll            |     1 |       ||     1
   Stab: Sleeping          |     2 |     1 ||     3
 Armour: Leather armour    |    46 |    13 ||    59
  Dodge: Dodged            |    48 |    11 ||    59
